 Dungeon Crawl Stone Soup version 0.32-a0-872-g59262bdc9b (webtiles) character file.

Game seed: 2436027485380214673

292517 Autsider the Brawler (level 19, -19/247 (249) HPs)
             Began as a Troll Fighter on Mar 30, 2024.
             Was the Champion of Wu Jian.
             Killed from afar by a deep elf sorcerer (22 damage)
             ... with a bolt of acid
             ... on level 3 of the Elven Halls.
             The game lasted 02:18:05 (29104 turns).

Autsider the Brawler (Troll Fighter)               Turns: 29104, Time: 02:18:06

HP:   -19/247 (249) AC: 33    Str: 31    XL:     19   Next: 99%
MP:   22/22         EV: 12    Int: 12    God:    Wu Jian [******]
Gold: 1685          SH: 18    Dex: 13    Spells: 20/24 levels left

rFire   + +          .
                       - Unarmed
rCold   + + .        Y - +1 kite shield {rC+}
rNeg    + . .        (body armour currently unavailable)
rPois   ∞            O - +0 hat {Int+3}
rElec   +            S - +1 cloak {rCorr}
rCorr   +            (gloves unavailable)
SInv    +            (boots unavailable)
Will    +....        M - amulet of reflection
Stlth   +            U - ring of the Ubiquitous Banana {rF+ rC+ rCorr Int+3 Slay+2}
HPRegen 1.41/turn    T - ring of Litajasch {rF+ Str+2 SInv}
MPRegen 0.18/turn

%: reflection
@: statue-form, studying Polearms, lightly drained, very slow
A: slow and powerful, torment resistance 1, boosted hp, large, unfitting armour,
claws 3, regeneration 1, (shaggy fur 1), (tough skin 1)
}: 2/15 runes: serpentine, barnacled
a: Begin Untransformation, Renounce Religion, Wall Jump, Serpent's Lash,
Heavenly Storm


You were on level 3 of the Elven Halls.
You worshipped Wu Jian.
Wu Jian was exalted by your worship.
You were a living statue of rough stone.
You visited 7 branches of the dungeon, and saw 33 of its levels.
You also visited: Gauntlet and Ice Cave.

You collected 4560 gold pieces.
You spent 2875 gold pieces at shops.

Inventory:

Missiles
 j - 4 throwing nets (quivered)
 z - 7 curare-tipped darts
Armour
 O - a +0 hat of intelligence (worn)
 S - a +1 cloak of preservation (worn)
 Y - a +1 kite shield of cold resistance (worn)
Jewellery
 b - a ring of ice
 g - a ring of positive energy
 i - a ring of protection from cold
 m - the ring "Isaerukk" {Ice rPois Str+2 Int+3 Stlth+}
   (You found it on level 12 of the Dungeon)

   [ring of ice]

   Ice:       It enhances your ice magic.
   Str+2:     It affects your strength (+2).
   Int+3:     It affects your intelligence (+3).
   rF-:       It makes you vulnerable to fire.
   rC+:       It protects you from cold.
   rPois:     It protects you from poison.
   Stlth+:    It makes you more stealthy.
 E - a ring of flight
 M - an amulet of reflection (around neck)
 T - the ring of Litajasch (right claw) {rF+ Str+2 SInv}
   (You found it in a Gauntlet)

   [ring of see invisible]

   Str+2:     It affects your strength (+2).
   rF+:       It protects you from fire.
   SInv:      It lets you see invisible.
 U - the ring of the Ubiquitous Banana (left claw) {rF+ rC+ rCorr Int+3 Slay+2}
   (You took it off a minotaur in a Gauntlet)

   [ring of protection from cold]

   Int+3:     It affects your intelligence (+3).
   Slay+2:    It affects your accuracy & damage with ranged weapons and melee
   (+2).
   rF+:       It protects you from fire.
   rC+:       It protects you from cold.
   rCorr:     It protects you from acid and corrosion.
 Z - the ring of Ucanek {rN+ Int+4}
   (You found it on level 5 of the Lair of Beasts)

   [ring of positive energy]

   Int+4:     It affects your intelligence (+4).
   rN+:       It protects you from negative energy.
Talismans
 k - a granite talisman (active)
 v - a talisman of death
Wands
 d - a wand of polymorph (14)
 h - a wand of digging (5)
 n - a wand of roots (33)
 w - a wand of flame (40)
 G - a wand of paralysis (38)
 Q - a wand of light (11)
 X - a wand of mindburst (14)
Scrolls
 a - 2 scrolls of silence
 l - 7 scrolls of blinking
 o - 5 scrolls of fog
 p - 10 scrolls of teleportation
 r - 3 scrolls of fear
 u - 6 scrolls of revelation
 A - 7 scrolls of enchant armour
 I - 12 scrolls of identify
 N - 3 scrolls of poison
Potions
 c - 11 potions of might
 e - a potion of attraction
 f - 4 potions of enlightenment
 s - 14 potions of curing
 t - 5 potions of lignification
 x - 3 potions of mutation
 B - 3 potions of resistance
 L - 12 potions of heal wounds
 P - 3 potions of invisibility
 R - 2 potions of cancellation
 V - a potion of haste
Miscellaneous
 q - a condenser vane
 W - a phantom mirror


   Skills:
 + Level 12.8 Fighting
 - Level 9.9 Dodging
 + Level 12.6 Shields
 * Level 19.6 Unarmed Combat
 - Level 3.3 Spellcasting
 - Level 5.5 Translocations
 + Level 19.3 Shapeshifting


You had 20 spell levels left.
You knew the following spells:

 Your Spells              Type           Power      Damage    Failure   Level
a - Lesser Beckoning      Tloc           30%        N/A       5%          2
z - Blink                 Tloc           30%        N/A       5%          2

Your spell library contained the following spells:

 Spells                   Type           Power      Damage    Failure   Level
 Momentum Strike          Conj/Tloc      16%        3d8       17%         2
 Foxfire                  Conj/Fire      4%         2x1d4     34%         1
 Necrotise                Necr           4%         1d4       34%         1
 Sandblast                Erth           2%         2d4       34%         1
 Summon Small Mammal      Summ           4%         N/A       34%         1
 Cigotuvi's Dreadful Rot  Necr/Alch/Air  2%         N/A       47%         2
 Mercury Vapours          Alch/Air       2%         N/A       47%         2
 Scorch                   Fire           2%         2d5       47%         2
 Searing Ray              Conj           2%         2d4       47%         2
 Call Canine Familiar     Summ           1%         N/A       71%         3
 Dazzling Flash           Conj/Hex       2%         N/A       71%         3
 Fugue of the Fallen      Necr           1%         N/A       71%         3
 Hailstorm                Conj/Ice       1%         3d5       71%         3
 Mephitic Cloud           Conj/Alch/Air  1%         N/A       71%         3
 Ozocubu's Armour         Ice            1%         N/A       71%         3
 Sigil of Binding         Hex            1%         N/A       71%         3
 Stone Arrow              Conj/Erth      2%         3d7       71%         3
 Summon Ice Beast         Ice/Summ       1%         N/A       71%         3
 Vampiric Draining        Necr           1%         2d6       71%         3
 Vhi's Electric Charge    Tloc/Air       16%        N/A       75%         4
 Summon Forest            Summ/Tloc      4%         N/A       97%         5
 Animate Dead             Necr           1%         N/A       98%         4
 Brom's Barrelling Bould  Conj/Erth      1%         2d3       98%         4
 Ignite Poison            Fire/Alch      1%         N/A       98%         4
 Martyr's Knell           Necr/Summ      1%         N/A       98%         4
 Summon Blazeheart Golem  Fire/Summ      1%         N/A       98%         4
 Arcjolt                  Conj/Air       0%         1d10      100%        5
 Borgnjor's Vile Clutch   Necr/Erth      0%         N/A       100%        5
 Curse of Agony           Necr           1%         N/A       100%        5
 Freezing Cloud           Conj/Ice/Air   0%         6-21      100%        5
 Silence                  Hex/Air        0%         N/A       100%        5
 Summon Mana Viper        Hex/Summ       1%         N/A       100%        5
 Death Channel            Necr           0%         N/A       100%        6
 Eringya's Noxious Bog    Alch           0%         4d6       100%        6
 Permafrost Eruption      Ice/Erth       0%         2x4d1     100%        6
 Plasma Beam              Fire/Air       0%         2x1d10    100%        6
 Sculpt Simulacrum        Ice/Alch       0%         N/A       100%        6
 Starburst                Conj/Fire      0%         6d3       100%        6
 Summon Cactus Giant      Summ           0%         N/A       100%        6
 Haunt                    Necr/Summ      0%         N/A       100%        7
 Manifold Assault         Tloc           7%         N/A       100%        7
 Orb of Destruction       Conj           0%         9d5       100%        7
 Spellforged Servitor     Conj/Summ      0%         N/A       100%        7
 Summon Hydra             Summ           0%         N/A       100%        7
 Infestation              Necr           0%         N/A       100%        8
 Maxwell's Capacitive Co  Air            0%         ∞         100%        8


Dungeon Overview and Level Annotations

Branches:
Dungeon (14/15)            Temple (1/1) D:6            Lair (5/5) D:9
 Shoals (4/4) Lair:3        Snake (4/4) Lair:3        Slime (0/5) Lair:5
    Orc (2/2) D:11            Elf (3/3) Orc:2        Vaults (0/5) D:14
  IceCv (visited)         Gauntlet (visited)

Altars:
Ashenzari
Cheibriados
Dithmenos
Elyvilon
Fedhas
Gozag
Hepliaklqana
Kikubaaqudgha
Makhleb
Nemelex Xobeh
Okawaru
Qazlal
Ru
Sif Muna
Trog
Uskayaw
Vehumet
Wu Jian
Xom
Yredelemnul
Zin
The Shining One
Beogh
Jiyva

Shops:
D:12 *:?   D:13 =   Orc:1 (   Orc:2 !:!   Elf:1 :   Elf:3 :=:?   Snake:1 [
Snake:4 :

Portals:
Trove: D:12 (give +7 demon trident)

Annotations:
Temple 2 transporters


Innate Abilities, Weirdness & Mutations

You are a living statue of rough stone.
Your actions are slow, but your melee attacks are powerful.
You are resistant to unholy torment.
Your maximum health is greatly increased.
Your equipment is partially melded.
You are too large for most types of armour.
You are immune to poison.
You have claws for hands.
Your natural rate of healing is unusually fast.
((You are covered in fur. (AC +1)))
((You have tough skin. (AC +1)))


Message History

You block the deep elf blademaster's attack.
The deep elf blademaster barely misses you.
The deep elf blademaster hits you but does no damage.
You block the deep elf blademaster's attack.
The Tzitzimitl calls on the powers of darkness!
The deep elf elementalist convulses! x2; The deep elf sorcerer convulses!
The deep elf high priest convulses!
The deep elf master archer convulses!
The deep elf blademaster convulses!
Your body is wracked with pain!
* * * LOW HITPOINT WARNING * * *
The deep elf blademaster attacks as it pursues you!
You block the deep elf blademaster's attack.
The deep elf blademaster hits you but does no damage. x2
You block the deep elf blademaster's attack. x2
The deep elf blademaster hits you but does no damage.
The deep elf master archer wields a +0 longbow.
The deep elf master archer shoots an arrow.
You block the arrow with an invisible shield... and reflect it back!
The arrow barely misses the deep elf master archer.
The deep elf master archer shoots an arrow.
The arrow hits you!
* * * LOW HITPOINT WARNING * * *
You spin and attack the deep elf blademaster repeatedly.
You completely miss the deep elf blademaster.
The deep elf blademaster is heavily wounded.
You eviscerate the deep elf blademaster!!!
You kill the deep elf blademaster!
The Council accepts your kill.
You hear a bellow!
The deep elf sorcerer casts a spell at you.
You struggle to resist.
The deep elf sorcerer points at you and mumbles some strange words.
The sphere of damnation explodes!
The damnation engulfs you!!
* * * LOW HITPOINT WARNING * * *
The deep elf master archer shoots an arrow.
The arrow hits you!
* * * LOW HITPOINT WARNING * * *
The deep elf sorcerer's eyes start to glow.
The deep elf sorcerer casts a spell at you.
The bolt of acid hits you!! You resist.
You die...

#.##.### ##########'#.
##......### ###...### ##..
#.........# #.......#
##... #......e..#
#.......###....
#....eee..#
#.......+.)....
#....2ee4.#
#.......###....
#....1e4ee# ##.......#
##...
###...4.e##########'...###
##'..
###.###)##e..I.#'#####
##.##. ### ##eee)....##
###.#### ##..e..[...##
###.'## #...........#
#.....#
#...........###.....#
#..........['.'.....#
#........)..#####.#.#
#........[[.# ###.#
##.........## ♣♣♣♣∩♣♣♣♣


You could see a deep elf master archer and 4 deep elf sorcerers.

Vanquished Creatures
  Bai Suzhen (Snake:3)
  Vashnia (Snake:4)
  Nikola (Snake:4)
  Jorgrun (Snake:3)
  A quicksilver dragon (Snake:4)
  3 deep elf blademasters
  Gastronok (Lair:1)
  A sphinx (Shoals:4)
  Kirke (D:11)
  The ghost of zyxw121 the Tortoise, an adept MiFi of Okawaru (Snake:4)
  Roxanne (Elf:2)
  Aizul (Snake:3)
  4 nagarajas
  Ilsuiw (Shoals:2)
  A deep elf elementalist (Elf:1)
  A deep elf sorcerer (Elf:3)
  A reaper (IceCv)
  An orc warlord (Orc:1)
  Louise (Snake:4)
  Nessos (D:13)
  7 deep elf death magi
  A deep elf demonologist (Elf:3)
  4 dire elephants (Lair:5)
  A deep elf annihilator (Elf:3)
  4 minotaurs
  Snorg (Orc:2)
  Josephine (Lair:4)
  3 merfolk impalers
  12 salamander tyrants
  Fannar (D:10)
  The ghost of Vehear Veadi the Mimic, a journeyman DrSh of Ru (D:12)
  8 hydras
  4 centaur warriors
  4 vault guards (D:14)
  3 merfolk avatars
  Erolcha (D:13)
  A catoblepas (Shoals:1)
  11 anacondas
  2 merfolk aquamancers
  5 two-headed ogres
  An ogre mage (Orc:2)
  An alligator snapping turtle (Shoals:1)
  4 boulder beetles
  23 dancing weapons
  14 satyrs
  13 naga warriors
  5 orc high priests
  7 shock serpents
  Sonja (Orc:2)
  17 naga sharpshooters
  2 spectral death yaks (Lair:5)
  6 skysharks
  19 deep elf knights
  6 salamander mystics
  A skeletal warrior (D:14)
  A spectral anaconda (Lair:5)
  11 sea snakes
  8 mana vipers
  Lodul (D:10)
  A flayed ghost (D:12)
  6 naga ritualists
  An obsidian statue (Lair:5)
  7 deep elf archers
  5 orc knights (Orc:2)
  An eye of devastation (shapeshifter) (Elf:1)
  3 necromancers (Lair:5)
  An obsidian bat (Orc:2)
  19 harpies
  20 deep elf pyromancers
  29 ugly things
  3 orc sorcerers (Orc:2)
  26 fauns
  Maurice (D:8)
  18 manticores
  29 deep elf zephyrmancers
  5 cyclopes
  3 kobold blastminers (Orc:2)
  14 elephants
  27 salamanders
  16 merfolk sirens
  A dire elephant zombie (Lair:5)
  37 black mambas
  2 ice statues (IceCv)
  5 guardian serpents
  16 naga magi
  2 water nymphs
  A smoke demon (Gauntlet)
  An unseen horror (D:11)
  A dire elephant skeleton (Lair:5)
  2 torpor snails
  16 cane toads
  11 komodo dragons
  An efreet (D:14)
  A gargoyle (D:14)
  An unseen horror (shapeshifter) (D:14)
  2 rime drakes
  6 ice devils (IceCv)
  An anaconda simulacrum (IceCv)
  A queen bee (shapeshifter) (D:13)
  A tengu conjurer (D:14)
  4 freezing wraiths
  A red devil (Gauntlet)
  32 merfolk
  2 wind drakes
  9 trolls
  Prince Ribbit (D:7)
  A hornet (D:10)
  24 blink frogs
  17 dream sheep
  A spectral elephant (Lair:5)
  8 snapping turtles
  10 water elementals
  Sigmund (D:6)
  A wyvern (shapeshifter) (D:13)
  3 shadows
  7 air elementals
  A vampire (D:9)
  7 wraiths
  3 wyverns
  A dire elephant simulacrum (Lair:5)
  7 basilisks
  49 yaks
  2 wargs
  3 fire elementals
  3 hogs (D:11)
  8 redbacks (Elf:1)
  A spectral cane toad (Lair:5)
  2 steam dragons (D:6)
  3 vampire mosquitoes (D:12)
  5 death yak simulacra
  3 acid dragons
  2 swamp worms (D:9)
  41 nagas
  10 water moccasins
  A hydra simulacrum (IceCv)
  A black bear (Lair:3)
  29 orc warriors
  4 ice beasts (D:7)
  2 laughing skulls (Gauntlet)
  15 ogres
  18 wolves
  4 centaurs
  An elephant skeleton (Lair:5)
  3 phantoms
  14 bullfrogs
  A gnoll sergeant (D:11)
  2 earth elementals
  2 cane toad simulacra
  17 wights
  2 two-headed ogre simulacra (IceCv)
  2 elephant simulacra
  11 jellies
  11 killer bees
  9 howler monkeys
  12 electric eels
  4 crimson imps (Gauntlet)
  Crazy Yiuf (D:7)
  18 orc priests
  6 hounds
  3 gnoll boudas
  5 hell rats (Lair:5)
  2 sleepcaps
  5 iguanas
  24 orc wizards
  2 spriggan simulacra (IceCv)
  6 troll simulacra (IceCv)
  2 wolf simulacra (IceCv)
  9 adders
  20 gnolls
  A naga simulacrum (IceCv)
  A shadow imp (D:7)
  3 white imps
  3 ufetubi
  3 dart slugs
  A ribbon worm (D:3)
  84 orcs
  6 ball pythons
  3 bats
  7 endoplasms
  4 goblins
  12 hobgoblins
  A jackal (D:5)
  3 kobolds
  3 quokkas
  2 frilled lizards
  7 rats
1270 creatures vanquished.

Vanquished Creatures (others)
  2 deep elf knights (Elf:1)
  A harpy (Shoals:2)
  A deep elf pyromancer (Elf:2)
  An air elemental (Elf:1)
  An orc warrior (Elf:2)
  An orc wizard (Orc:2)
  2 orcs
9 creatures vanquished.

Grand Total: 1279 creatures vanquished

Notes
Turn   | Place    | Note
-------+----------+-------------------------------------------
     0 | D:1      | Autsider the Troll Fighter began the quest for the Orb.
     0 | D:1      | Reached XP level 1. HP: 22/22 MP: 0/0
    81 | D:1      | Reached XP level 2. HP: 29/29 MP: 1/1
   163 | D:1      | Found a faded altar of an unknown god.
   879 | D:2      | Reached XP level 3. HP: 36/36 MP: 2/2
  1132 | D:2      | Reached XP level 4. HP: 44/44 MP: 3/3
  1547 | D:3      | Reached XP level 5. HP: 38/53 MP: 4/4
  1911 | D:4      | Identified the +0 ring mail of Fexorop {+Inv}
  2113 | D:4      | Noticed a phantom
  2135 | D:5      | Entered Level 5 of the Dungeon
  2327 | D:4      | Reached XP level 6. HP: 48/61 MP: 5/5
  2740 | D:5      | Reached skill level 5 in Unarmed Combat
  2740 | D:5      | Reached XP level 7. HP: 67/67 MP: 6/6
  3251 | D:6      | Noticed Sigmund
  3277 | D:6      | Killed Sigmund
  3478 | D:6      | Noticed a steam dragon
  3490 | D:6      | Noticed a steam dragon
  3494 | D:6      | Killed a steam dragon
  3495 | D:6      | Reached XP level 8. HP: 56/78 MP: 7/7
  3601 | D:6      | Found a staircase to the Ecumenical Temple.
  3605 | Temple   | Found a transporter.
  3605 | Temple   | Found a transporter.
  3605 | Temple   | Found a transporter.
  3605 | Temple   | Found a transporter.
  3605 | Temple   | Entered the Ecumenical Temple
  3622 | Temple   | Became a worshipper of the Wu Jian Council
  3752 | D:6      | You fall into a shaft and drop 2 floors!
  3794 | D:8      | Reached skill level 1 in Shapeshifting
  3935 | D:7      | Reached skill level 5 in Fighting
  4324 | D:7      | Reached XP level 9. HP: 49/88 MP: 8/8
  4434 | D:7      | Reached * piety under Wu Jian
  4437 | D:7      | Found a radiant altar of Vehumet.
  4437 | D:7      | Found a snail-covered altar of Cheibriados.
  4678 | D:7      | Reached skill level 5 in Shapeshifting
  4700 | D:7      | Noticed Prince Ribbit
  4711 | D:7      | Killed Prince Ribbit
  4830 | D:7      | Found a runed translucent door.
  4831 | D:7      | Noticed Crazy Yiuf
  5184 | D:7      | Killed Crazy Yiuf
  5894 | D:8      | Noticed Maurice
  5904 | D:8      | Reached ** piety under Wu Jian
  5911 | D:8      | Paralysed by Maurice for 4 turns
  5913 | D:8      | Maurice stole a granite talisman
  5919 | D:8      | Maurice stole a ring of resist corrosion
  5921 | D:8      | Maurice stole 16 poisoned darts
  5922 | D:8      | Maurice stole 521 gold
  5927 | D:8      | Killed Maurice
  5947 | D:8      | Reached XP level 10. HP: 98/98 MP: 3/9
  6678 | D:9      | Identified the +6 shortbow "Xygoh" {drain, Int+2 Dex+3
                  | SInv}
  6710 | D:9      | Found a staircase to the Lair.
  6711 | D:9      | Reached *** piety under Wu Jian
  6950 | D:10     | Entered Level 10 of the Dungeon
  6969 | D:10     | Found an opulent altar of Gozag.
  6970 | D:10     | Noticed Fannar
  6993 | D:10     | Killed Fannar
  7166 | D:10     | Noticed a two-headed ogre
  7370 | D:10     | Noticed Lodul
  7380 | D:10     | Killed Lodul
  7385 | D:10     | Reached XP level 11. HP: 39/107 MP: 10/10
  7428 | D:10     | Paralysed by a hornet for 3 turns
  7613 | D:10     | Reached skill level 10 in Shapeshifting
  7642 | D:10     | Paralysed by an orc wizard for 2 turns
  8081 | D:10     | Killed a two-headed ogre
  8571 | D:11     | Noticed a two-headed ogre
  8606 | D:11     | Killed a two-headed ogre
  8665 | D:11     | Reached **** piety under Wu Jian
  8689 | D:11     | Found a staircase to the Orcish Mines.
  8706 | D:11     | Found a roughly hewn altar of Beogh.
  8766 | D:11     | Noticed a two-headed ogre
  8774 | D:11     | Killed a two-headed ogre
  9385 | D:12     | Noticed a deep elf pyromancer
  9387 | D:12     | Noticed Kirke
  9426 | D:11     | Reached XP level 12. HP: 85/115 MP: 11/11
  9459 | D:12     | Noticed an eight-headed hydra
  9464 | D:11     | Killed Kirke
  9536 | D:12     | Noticed a two-headed ogre
  9536 | D:12     | Found Cusuisay's Magic Scroll Shoppe.
  9536 | D:12     | Found Syddemex's Book Shoppe.
  9536 | D:12     | Found Lyliewn's General Store.
  9541 | D:12     | Bought a scroll of identify for 28 gold pieces
  9541 | D:12     | Bought a scroll of identify for 28 gold pieces
  9541 | D:12     | Bought a scroll of revelation for 105 gold pieces
  9541 | D:12     | Bought a scroll of poison for 56 gold pieces
  9541 | D:12     | Bought a scroll of identify for 28 gold pieces
  9541 | D:12     | Bought a scroll of blinking for 105 gold pieces
  9667 | D:12     | Noticed a boulder beetle
  9676 | D:12     | Killed a two-headed ogre
  9679 | D:12     | Killed a boulder beetle
  9711 | D:12     | Found a portal to a secret trove of treasure.
  9717 | D:12     | Got the Grimoire of the Puissant Coals
  9772 | D:12     | Found a runed translucent gate.
  9773 | D:12     | Found a runed translucent gate.
  9774 | D:12     | Noticed Vehear Veadi's ghost (journeyman DrSh)
  9775 | D:12     | Found a runed translucent gate.
  9898 | D:12     | Bought a book of Spatial Translocations for 252 gold pieces
 10158 | D:13     | Noticed a centaur warrior
 10162 | D:13     | Killed a centaur warrior
 10214 | D:13     | Found Ujeer's Jewellery Shop.
 10227 | D:13     | Bought an amulet of reflection for 480 gold pieces
 10351 | D:13     | Noticed a centaur warrior
 10359 | D:13     | Killed a centaur warrior
 10436 | D:13     | Noticed Nessos
 10444 | D:13     | Killed Nessos
 10445 | D:13     | Reached skill level 15 in Shapeshifting
 10552 | D:13     | Noticed Erolcha
 10592 | D:13     | Killed Erolcha
 10968 | D:12     | Bought a potion of heal wounds for 55 gold pieces
 10968 | D:12     | Bought a potion of heal wounds for 55 gold pieces
 10968 | D:12     | Bought a scroll of identify for 22 gold pieces
 11015 | D:14     | Noticed a boulder beetle
 11023 | D:14     | Reached ***** piety under Wu Jian
 11032 | D:14     | Killed a boulder beetle
 11055 | D:14     | Reached XP level 13. HP: 123/123 MP: 12/12
 11068 | D:14     | Found a gate to the Vaults.
 11092 | D:14     | Reached skill level 5 in Shields
 11474 | D:14     | Reached skill level 5 in Dodging
 11474 | D:14     | Reached skill level 10 in Unarmed Combat
 11857 | D:14     | Found a hazy altar of Hepliaklqana.
 12222 | Lair:1   | Entered Level 1 of the Lair of Beasts
 12241 | Lair:1   | Found a transporter.
 12242 | Lair:1   | Found a transporter.
 12474 | Lair:1   | Noticed Gastronok
 12486 | Lair:1   | Killed Gastronok
 12487 | Lair:1   | Reached XP level 14. HP: 136/136 MP: 13/13
 13083 | Lair:2   | Found a frozen archway.
 13114 | Lair:2   | Found a gate leading to a gauntlet.
 13123 | Gauntlet | Entered a Gauntlet
 13123 | Gauntlet | Found a transporter.
 13123 | Gauntlet | Found a transporter.
 13135 | Gauntlet | Found a transporter.
 13153 | Gauntlet | Found a transporter.
 13153 | Gauntlet | Found a transporter.
 13155 | Gauntlet | Found a transporter.
 13155 | Gauntlet | Found a transporter.
 13156 | Gauntlet | Found a transporter.
 13168 | Gauntlet | Found a transporter.
 13184 | Gauntlet | Found a transporter.
 13194 | Gauntlet | Found a transporter.
 13211 | Gauntlet | Found a transporter.
 13228 | Gauntlet | Found a transporter.
 13240 | Gauntlet | Found a transporter.
 13331 | Gauntlet | Identified the ring of Litajasch {rF+ Str+2 SInv}
 13356 | Gauntlet | Identified the +7 sling of Ascent {antimagic, Str+2}
 13356 | Gauntlet | Identified the ring of the Ubiquitous Banana {rF+ rC+ rCorr
                  | Int+3 Slay+2}
 13400 | Gauntlet | Identified the +1 ring mail of Bitterness {+Blink rF+++ rC+
                  | Dex-2}
 13400 | Gauntlet | Identified the +5 chain mail of Indomitability {rN+ MP+9
                  | Stlth+}
 13445 | IceCv    | Entered an ice cave
 13628 | IceCv    | Noticed a reaper
 13633 | IceCv    | Killed a reaper
 13818 | Lair:2   | Identified a scroll of acquirement
 13818 | Lair:2   | Acquired 1075 gold pieces
 13921 | Lair:2   | Reached ****** piety under Wu Jian
 13971 | Lair:2   | Learned a level 2 spell: Lesser Beckoning
 13974 | Lair:2   | Learned a level 2 spell: Blink
 14322 | Lair:3   | Found a staircase to the Shoals.
 14329 | Lair:3   | Reached skill level 1 in Translocations
 14487 | Lair:3   | Reached skill level 1 in Spellcasting
 14716 | Lair:3   | Found a staircase to the Snake Pit.
 15267 | Lair:4   | Reached XP level 15. HP: 128/145 MP: 16/16
 15391 | Lair:4   | Noticed Josephine
 15397 | Lair:4   | Killed Josephine
 15434 | Lair:4   | Found a blossoming altar of Fedhas.
 15635 | Lair:5   | Entered Level 5 of the Lair of Beasts
 15794 | Lair:5   | Found a staircase to the Slime Pits.
 15794 | Lair:5   | Found a viscous altar of Jiyva.
 16372 | Lair:5   | Identified the ring of Ucanek {rN+ Int+4}
 16565 | Lair:5   | Got the Meditations on Ignition
 17042 | D:12     | Killed Vehear Veadi's ghost
 17056 | D:12     | Identified the ring "Isaerukk" {Ice rPois Str+2 Int+3
                  | Stlth+}
 17128 | Orc:1    | Entered Level 1 of the Orcish Mines
 17271 | Orc:1    | Found Rysir Reru's Antique Weapon Shop.
 17503 | Orc:2    | Entered Level 2 of the Orcish Mines
 17503 | Orc:2    | Noticed Snorg
 17513 | Orc:2    | Killed Snorg
 17696 | Orc:2    | Noticed Sonja
 17730 | Orc:2    | Killed Sonja
 17735 | Orc:2    | Found a staircase to the Elven Halls.
 17965 | Orc:2    | Paralysed by an orc sorcerer for 4 turns
 18122 | Orc:2    | Reached XP level 16. HP: 135/156 MP: 19/19
 18273 | Orc:2    | Found Munn's Distillery.
 18273 | Orc:2    | Found Fiar's Magic Scroll Boutique.
 18275 | Orc:2    | Found Ichepecu's Book Boutique.
 18275 | Orc:2    | Found Zaid's Distillery.
 18284 | Orc:2    | Bought a potion of curing for 33 gold pieces
 18284 | Orc:2    | Bought a potion of curing for 33 gold pieces
 18284 | Orc:2    | Bought a potion of heal wounds for 55 gold pieces
 18286 | Orc:2    | Bought a potion of invisibility for 136 gold pieces
 18286 | Orc:2    | Bought a potion of lignification for 51 gold pieces
 18286 | Orc:2    | Bought a potion of curing for 51 gold pieces
 18286 | Orc:2    | Bought a potion of curing for 51 gold pieces
 18286 | Orc:2    | Bought a potion of curing for 51 gold pieces
 18286 | Orc:2    | Bought a potion of curing for 51 gold pieces
 18286 | Orc:2    | Bought a potion of heal wounds for 85 gold pieces
 18731 | Snake:1  | Entered Level 1 of the Snake Pit
 18888 | Snake:1  | Identified the +4 trident of Ru's Grace {pain, +Blink rN++}
 19067 | Snake:1  | Found Xutyfang's Antique Armour Emporium.
 19706 | Snake:2  | Reached skill level 10 in Fighting
 20032 | Snake:3  | Noticed Jorgrun
 20046 | Snake:2  | Reached skill level 15 in Unarmed Combat
 20067 | Snake:3  | Killed Jorgrun
 20308 | Snake:3  | Reached XP level 17. HP: 166/166 MP: 20/20
 20378 | Snake:3  | Noticed Bai Suzhen
 20388 | Snake:3  | Killed Bai Suzhen
 20393 | Snake:3  | Reached skill level 5 in Translocations
 20665 | Snake:3  | Identified the serpent talisman of the Mertaur {rF+}
 20665 | Snake:3  | Noticed Aizul
 20679 | Snake:3  | Killed Aizul
 21607 | Snake:4  | Entered Level 4 of the Snake Pit
 21607 | Snake:4  | Noticed Nikola
 21616 | Snake:4  | Killed Nikola
 21627 | Snake:4  | Noticed Vashnia
 21651 | Snake:4  | Killed Vashnia
 21753 | Snake:4  | Noticed zyxw121's ghost (adept MiFi)
 21893 | Snake:4  | Found Uwumink's Self-Improvement Boutique.
 21944 | Snake:4  | Found a runed translucent gate.
 21945 | Snake:4  | Found a runed translucent gate.
 21946 | Snake:4  | Found a runed translucent gate.
 21961 | Snake:4  | Reached skill level 10 in Shields
 22528 | Snake:4  | Noticed Louise
 22533 | Snake:4  | Killed Louise
 22656 | Snake:4  | Noticed a quicksilver dragon
 22663 | Snake:4  | Killed a quicksilver dragon
 22884 | Snake:4  | Got a serpentine rune of Zot
 23037 | Snake:4  | Killed zyxw121's ghost
 23269 | Shoals:1 | Entered Level 1 of the Shoals
 23334 | Shoals:1 | Reached XP level 18. HP: 179/179 MP: 21/21
 23403 | Shoals:1 | Identified the +9 flail of the End of Times {drain, rCorr
                  | Str-2 Int+5 Stlth+}
 24530 | Shoals:2 | Noticed Ilsuiw
 24537 | Shoals:2 | Killed Ilsuiw
 25617 | Shoals:4 | Entered Level 4 of the Shoals
 25931 | Shoals:4 | Got a barnacled rune of Zot
 26096 | Shoals:4 | Reached XP level 19. HP: 189/189 MP: 22/22
 26653 | Elf:1    | Entered Level 1 of the Elven Halls
 26657 | Elf:1    | Paralysed by an air elemental for 1 turns
 26659 | Elf:1    | Paralysed by an air elemental for 1 turns
 26662 | Elf:1    | Paralysed by an air elemental for 1 turns
 26666 | Elf:1    | Paralysed by an air elemental for 1 turns
 26669 | Elf:1    | Paralysed by an air elemental for 1 turns
 26799 | Elf:1    | Identified the +1 whip of the Yoke {flame, *Corrode rC++
                  | Dex+6}
 26930 | Elf:1    | Found Gotoat's Book Boutique.
 27679 | Elf:2    | Paralysed by an air elemental for 1 turns
 27723 | Elf:2    | Noticed Roxanne
 27733 | Elf:2    | Killed Roxanne
 28074 | Elf:2    | Found a runed translucent gate.
 28075 | Elf:2    | Found a runed translucent gate.
 28075 | Elf:2    | Found a runed translucent gate.
 28559 | Elf:3    | Entered Level 3 of the Elven Halls
 28602 | Elf:3    | Identified the +1 leather armour of the Robin {rPois rN++
                  | Will+}
 28607 | Elf:3    | Paralysed by an air elemental for 1 turns
 28824 | Elf:3    | Found Wedd's Magic Scroll Emporium.
 28831 | Elf:3    | Bought a scroll of fog for 52 gold pieces
 28831 | Elf:3    | Bought a scroll of fog for 52 gold pieces
 29004 | Elf:3    | Found Camejiq's Jewellery Boutique.
 29005 | Elf:3    | Found Teclatz's Book Emporium.
 29005 | Elf:3    | Found Japhuiso's Book Emporium.
 29013 | Elf:3    | Bought a talisman of death for 960 gold pieces
 29095 | Elf:3    | Noticed a Tzitzimitl
 29103 | Elf:3    | HP: 12/245 [deep elf sorcerer/damnation (35)]
 29103 | Elf:3    | HP: 1/245 [deep elf master archer/arrow (11)]
 29104 | Elf:3    | Killed from afar by a deep elf sorcerer

Illustrated notes

Levels and vault maps discovered:
D:1:      lemuel_arrival_funnel, layout_basic,
          hellmonk_ecumenical_altar_pennies_from_heaven, minmay_3d_cube
D:2:      layout_loops_ring
D:3:      layout_basic
D:4:      layout_basic, serial_bayou_pond_a, minmay_fractal_squares_5
D:5:      layout_rooms, kennysheep_generic_room_15
D:6:      kennysheep_steamy, layout_basic, temple_statues, uniq_sigmund
D:7:      layout_loops_cross, nicolae_overflow_squiral, uniq_prince_ribbit1,
          uniq_crazy_yiuf_cottage
D:8:      layout_gridville, uniq_maurice
D:9:      layout_basic, erik_lair_island, worms_lemuel
D:10:     layout_loops_cross, nicolae_gozag_cash_rules_everything_around_me,
          serial_bayou, serial_bayou_ford_a, serial_bayou_pond_e,
          serial_bayou_pond_e, serial_bayou_pond_a, serial_bayou_pond_c,
          serial_bayou_lake_a, uniq_fannar, uniq_lodul
D:11:     layout_cave_pods, minmay_orc_entry_temple_small
D:12:     layout_rooms, gammafunk_ghost_spectres, enter_trove_2,
          nicolae_shop_distant_corner_stores, uniq_kirke
D:13:     layout_cave_pods, serial_shops, nicolae_shop_tiny_waterfront,
          uniq_nessos, uniq_erolcha
D:14:     layout_irregular_city, lightli_vaults_fourway_checkpoint,
          infiniplex_staircase_zigzag_4, worldfamousw_hep_ancestral_shrine
Temple:   hellmonk_temple_divided_pantheon
Lair:1:   gammafunk_boulding_lane, layout_gridlike, grunt_megastairs_3,
          lemuel_fruit_fields, uniq_gastronok
Lair:2:   layout_hall_layers, portal_ice_cave_entry_pillars_1,
          gauntlet_entry_generic, beast_lair_carwin_10
Lair:3:   layout_cave_pods, nicolae_shoals_entry_roost,
          minmay_snake_entry_spellcaster
Lair:4:   layout_layer_cave, basic_altar, uniq_josephine
Lair:5:   due_jungle_book, layout_small_grid, minmay_slime_entry_jelly_boxes,
          serial_bayou_pond_c
Shoals:1: layout_shoals, argonaut_gorgonesque
Shoals:2: layout_shoals, uniq_ilsuiw
Shoals:3: layout_shoals
Shoals:4: shoals_end_hellmonk_lost_city
Snake:1:  nicolae_snake_attic_fulla_snakes, layout_rooms, serial_shops, shop,
          grunt_ministairs_14, serial_library_regret_index_small_wings,
          serial_bayou_shore_b
Snake:2:  layout_misc_corridors, serial_bayou_shore_a
Snake:3:  layout_layer_cave, grunt_megastairs_2, serial_bayou_shore_b,
          uniq_aizul, uniq_jorgrun, uniq_bai_suzhen
Snake:4:  hellmonk_snake_rune_quicksilver_temple, layout_cave_town,
          gammafunk_ghost_split, nicolae_shop_self_help, uniq_vashnia,
          uniq_louise, uniq_nikola
Orc:1:    layout_caves, serial_shops, shop
Orc:2:    grunt_orc_tribal_feast, layout_diamond_mine, uniq_snorg, uniq_sonja
Elf:1:    nicolae_elf_arrival_aired_out, layout_gridlike, serial_shops,
          nicolae_shop_back_alley_shop, guppyfry_library_mini, st_stairs_8,
          drop_trap, lemuel_flamethrower_2
Elf:2:    nicolae_elf_blades_crystal_corner, layout_gridlike, uniq_roxanne
Elf:3:    minmay_elf_hall_x, layout_geoelf_octagon, serial_shops, shop,
          minmay_shop_grove

Skill      XL: |  1  2  3  4  5  6  7  8  9 10 11 12 13 14 15 16 17 18 19 |
---------------+----------------------------------------------------------+-----
Shields        | 3 4 6 7 8 9 10 11 12 | 12.6
Unarmed Combat | 3 4 5 6 7 8 9 11 12 14 15 16 18 19 | 19.6
Dodging        | 3 4 5 7 8 9 |  9.9
Fighting       | 3 4 5 6 8 9 10 11 12 | 12.8
Shapeshifting  | 3 6 9 13 16 17 18 19 | 19.3
Translocations | 1 3 4 5 |  5.5
Spellcasting   | 1 2 3 |  3.3

Action                     |  1- 3 |  4- 6 |  7- 9 | 10-12 | 13-15 | 16-18 | 19-21 || total
---------------------------+-------+-------+-------+-------+-------+-------+-------++-------
  Melee: Unarmed           |    65 |   135 |   303 |   590 |  1028 |  1080 |   412 ||  3613
   Cast: Lesser Beckoning  |       |       |       |       |       |     1 |       ||     1
 Invoke: Serpent's Lash    |       |       |       |     1 |     4 |     1 |       ||     6
Ability: Lunge             |       |       |    24 |    21 |    48 |   119 |    35 ||   247
         Whirlwind         |       |       |     2 |     8 |    40 |    75 |    22 ||   147
         Begin Untransform |       |       |       |     1 |       |       |       ||     1
  Evoke: Wand              |       |       |       |     4 |       |       |       ||     4
         Condenser vane    |       |       |       |       |       |     1 |       ||     1
    Use: Scroll            |       |     3 |    10 |    12 |     7 |     4 |       ||    36
         Potion            |       |       |       |     3 |       |       |       ||     3
   Stab: Sleeping          |     1 |       |       |     2 |     1 |       |       ||     4
         Paralysed         |       |       |       |     6 |       |       |       ||     6
         Distracted        |       |       |       |       |       |     1 |     1 ||     2
 Armour: Robe              |    34 |    74 |    42 |       |       |       |       ||   150
         Steam dragon scal |       |       |   120 |   343 |       |       |       ||   463
         Skin              |       |       |     2 |   139 |  1196 |  1338 |   337 ||  3012
  Dodge: Dodged            |    26 |    37 |    76 |   193 |   673 |   539 |   148 ||  1692
  Block: Kite shield       |    22 |    56 |    83 |   259 |  1279 |  1344 |   335 ||  3378
         Reflection        |       |       |       |     3 |    15 |   232 |    43 ||   293
   Form: Statue            |       |       |       |     2 |       |       |       ||     2

Table legend: (Time is in decaauts)
 A = Elapsed time spent in this place.
 B = Non-inter-level travel time spent in this place.
 C = Inter-level travel time spent in this place.
 D = Time resting spent in this place.
 E = Time spent auto-exploring this place.
 F = Levels seen in this place.
 G = Mean time per level.
                   A        B        C        D        E       F      G
               +--------+--------+--------+--------+--------+-----+--------+
         Total |  38360 |  34609 |   3751 |   2611 |  21709 |  35 | 1096.0 |
       Dungeon |  14392 |  12460 |   1932 |   1210 |   7983 |  14 | 1028.0 |
        Temple |     34 |     17 |     17 |      0 |      0 |   1 |   34.0 |
          Lair |   6317 |   5684 |    633 |    136 |   4022 |   5 | 1263.4 |
        Shoals |   4577 |   4200 |    377 |    439 |   2358 |   4 | 1144.2 |
     Snake Pit |   6616 |   6192 |    424 |    541 |   3818 |   4 | 1654.0 |
  Orcish Mines |   1942 |   1760 |    182 |    232 |   1089 |   2 |  971.0 |
   Elven Halls |   3570 |   3387 |    183 |     36 |   2165 |   3 | 1190.0 |
      Ice Cave |    492 |    492 |      0 |     12 |     91 |   1 |  492.0 |
      Gauntlet |    417 |    417 |      0 |      3 |    181 |   1 |  417.0 |
               +--------+--------+--------+--------+--------+-----+--------+

Top non-repeatable levels by time:
 Snake:3: 2447 daAuts
 Snake:4: 2141 daAuts
    D:13: 1916 daAuts
  Lair:5: 1736 daAuts
    D:10: 1729 daAuts
Shoals:1: 1609 daAuts
  Lair:3: 1594 daAuts
    D:14: 1531 daAuts
   Elf:2: 1415 daAuts
    D:11: 1389 daAuts
   Elf:1: 1369 daAuts
  Lair:1: 1326 daAuts
   Orc:2: 1271 daAuts
 Snake:2: 1176 daAuts
     D:8: 1074 daAuts
